 Dungeon Crawl Stone Soup version 0.29-a0-648-g6b26cc9f40 (webtiles) character file.

Game seed: 18008700945524023280

30282 croobank the Covert (level 13, -3/104 HPs)
             Began as a Gnoll Delver on June 20, 2022.
             Was an Initiate of Gozag.
             Slain by a seven-headed hydra (5 damage)
             ... on level 5 of the Lair of Beasts on June 21, 2022.
             The game lasted 01:16:15 (14101 turns).

croobank the Covert (Gnoll Delver)                 Turns: 14101, Time: 01:16:15

Health: -3/104     AC: 11    Str: 17    XL:     13   Next: 50%
Magic:  8/25       EV: 16    Int: 15    God:    Gozag
Gold:   1693       SH:  0    Dex: 18    Spells: 10/28 levels left

rFire   . . .      SeeInvis .   Y - +2 trident (flame)
rCold   + . .      Faith    .   (no shield)
rNeg    . . .      Spirit   .   C - +1 ring mail "Keomp" {Rampage Regen+ Dex-5}
rPois   .          Reflect  .   (no helmet)
rElec   .          Harm     .   u - -2 cloak "Ryqyg" {Int+3 Dex+4}
rCorr   .          Rampage  +   o - +1 pair of gloves
Will    .....                   f - +0 pair of boots of Unreason {Str+6 Int-2 Dex+4}
Stlth   +++++.....              d - amulet of regeneration
HPRegen 1.87/turn               H - ring of protection from cold
MPRegen 0.19/turn               Q - ring of wizardry

@: gold aura
A: fangs 1, strong nose, distributed training
a: Renounce Religion, Potion Petition, Call Merchant, Bribe Branch


You were on level 5 of the Lair of Beasts.
You worshipped Gozag.
Gozag was most pleased with you.
You visited 3 branches of the dungeon, and saw 17 of its levels.
You also visited: Ossuary and Gauntlet.

You collected 2795 gold pieces.
You paid 1102 gold pieces to Gozag.

Inventory:

Hand Weapons
 a - the +6 broad axe of Guile {vorpal, *Noise rCorr Str+4}
   (You acquired it on level 5 of the Dungeon)

   It inflicts extra damage upon your enemies.
   Str:       It affects your strength (+4).
   *Noise:    It may make noises in combat.
   rCorr:     It protects you from acid and corrosion.
 m - a +4 long sword of freezing
 n - a +0 dagger
 q - a +6 antimagic spear
 E - a +3 shortbow
 G - a +4 dire flail
 M - a +1 hand axe of distortion
 T - a +5 battleaxe of freezing
 U - a +5 double sword of holy wrath
 Y - a +2 trident of flaming (weapon)
Missiles
 l - 6 javelins (quivered)
 p - a throwing net
Armour
 f - the +0 pair of boots of Unreason (worn) {Str+6 Int-2 Dex+4}
   (You found it on level 7 of the Dungeon)

   Str:       It affects your strength (+6).
   Int:       It affects your intelligence (-2).
   Dex:       It affects your dexterity (+4).
 o - a +1 pair of gloves (worn)
 u - the -2 cloak "Ryqyg" (worn) {Int+3 Dex+4}
   (You found it in a Gauntlet)

   Int:       It affects your intelligence (+3).
   Dex:       It affects your dexterity (+4).
 C - the +1 ring mail "Keomp" (worn) {Rampage Regen+ Dex-5}
   (You found it on level 2 of the Dungeon)

   Dex:       It affects your dexterity (-5).
   Regen:     It increases your rate of health regeneration.
   Rampage:   It bestows one free step when moving towards enemies.
 K - the +2 ratskin cloak {*Rats rPois rN+ Str-1 Int-1 Dex+1}
   (You found it on level 5 of the Dungeon)

   When the wearer is hurt, rats may emerge from it to assist them.
   Str:       It affects your strength (-1).
   Int:       It affects your intelligence (-1).
   Dex:       It affects your dexterity (+1).
   rPois:     It protects you from poison.
   rN:        It protects you from negative energy.
 V - a +1 robe of resistance
 W - a +0 buckler
Jewellery
 d - an amulet of regeneration (around neck)
 j - a ring of magical power
 r - a ring of poison resistance
 s - a ring of willpower
 y - an amulet of reflection
 F - the ring "Kiown" {Fire Str-5 Dex+4 SInv}
   (You found it in a Gauntlet)

   [ring of fire]

   It enhances your fire magic.
   Str:       It affects your strength (-5).
   Dex:       It affects your dexterity (+4).
   rF:        It protects you from fire.
   rC:        It makes you vulnerable to cold.
   SInv:      It lets you see invisible.
 H - a ring of protection from cold (left hand)
 I - a +6 ring of dexterity
 O - a ring of flight
 Q - a ring of wizardry (right hand)
Wands
 b - a wand of polymorph (4)
 g - a wand of digging (3)
 D - a wand of paralysis (10)
 J - a wand of flame (9)
 S - a wand of iceblast (10)
 X - a wand of mindburst (16)
Scrolls
 c - 3 scrolls of fog
 e - 6 scrolls of fear
 i - 9 scrolls of teleportation
 v - 3 scrolls of blinking
 x - a scroll of silence
 A - 2 scrolls of poison
 L - a scroll of magic mapping
 Z - 5 scrolls of identify
Potions
 h - 18 potions of curing
 k - 5 potions of flight
 t - a potion of heal wounds
 w - 2 potions of mutation
 z - 3 potions of lignification
 B - 2 potions of brilliance
 N - a potion of invisibility
 P - 3 potions of berserk rage
 R - a potion of ambrosia


   Skills:
 + Level 10.6 Fighting
 + Level 8.3 Short Blades
 + Level 8.3 Long Blades
 + Level 9.6 Axes
 + Level 8.3 Maces & Flails
 + Level 8.3 Polearms
 + Level 8.3 Staves
 + Level 8.3 Slings
 + Level 8.3 Bows
 + Level 8.3 Crossbows
 + Level 8.3 Throwing
 + Level 8.3 Armour
 + Level 9.6 Dodging
 + Level 12.5 Stealth
 + Level 8.3 Shields
 + Level 8.3 Unarmed Combat
 + Level 8.3 Spellcasting
 + Level 6.9 Conjurations
 + Level 6.9 Hexes
 + Level 6.9 Summonings
 + Level 6.9 Necromancy
 + Level 6.9 Translocations
 + Level 6.9 Transmutations
 + Level 6.9 Fire Magic
 + Level 6.9 Ice Magic
 + Level 6.9 Air Magic
 + Level 6.9 Earth Magic
 + Level 6.9 Poison Magic
 + Level 9.1 Invocations
 + Level 8.3 Evocations


You had 10 spell levels left.
You knew the following spells:

 Your Spells              Type           Power      Damage    Failure   Level
a - Call Canine Familiar  Summ           27%        N/A       1%          3
b - Poisonous Vapours     Pois/Air       54%        N/A       1%          2
c - Frozen Ramparts       Ice            54%        1d7       1%          3
d - Summon Guardian Gole  Hex/Summ       27%        N/A       1%          3
e - Hailstorm             Conj/Ice       27%        3d7       4%          4
f - Teleport Other        Tloc           27%        N/A       1%          3

Your spell library contained the following spells:

 Spells                   Type           Power      Damage    Failure   Level
 Freeze                   Ice            100%       1d11      1%          1
 Summon Small Mammal      Summ           100%       N/A       1%          1
 Blink                    Tloc           54%        N/A       1%          2
 Conjure Flame            Conj/Fire      27%        6-21      1%          3
 Gell's Gravitas          Tloc           27%        N/A       1%          3
 Ignite Poison            Fire/Tmut/Pois 27%        N/A       1%          3
 Lesser Beckoning         Tloc           27%        N/A       1%          3
 Sticky Flame             Conj/Fire      27%        2d5       4%          4
 Manifold Assault         Tloc           27%        N/A       12%         5
 Malign Gateway           Summ/Tloc      13%        N/A       97%         7
 Storm Form               Tmut/Air       13%        N/A       97%         7
 Summon Horrible Things   Summ           13%        N/A       100%        8
 Corpse Rot               Necr/Pois/Air  Unusable   N/A       N/A         4

Dungeon Overview and Level Annotations

Branches:
Dungeon (11/15)            Temple (1/1) D:6            Lair (5/6) D:9
 Shoals (0/4) Lair:2          Orc (0/2) D:9         Ossuary (visited)
Gauntlet (visited)
  Snake: Lair:2-4    Spider: Lair:2-4     Slime: Lair:5-6

Altars:
Ashenzari
Cheibriados
Dithmenos
Elyvilon
Fedhas
Gozag
Hepliaklqana
Kikubaaqudgha
Makhleb
Nemelex Xobeh
Okawaru
Qazlal
Ru
Sif Muna
Trog
Uskayaw
Vehumet
Wu Jian
Xom
Yredelemnul
Zin
The Shining One

Annotations:
Lair:1 2 transporters, gebbletook2's ghost, novice VSFi


Innate Abilities, Weirdness & Mutations

You have very sharp teeth.
Your uncanny sense of smell can sniff out nearby items.
Your experience applies equally to all skills.


Message History

Press: ? - help, Shift-Dir - straight line The mass of ice explodes!
The iceblast engulfs the seven-headed hydra!
The seven-headed hydra is moderately wounded.
The seven-headed hydra barely misses you.
The seven-headed hydra closely misses you.
The seven-headed hydra bites you. x2; The seven-headed hydra misses you.
The seven-headed hydra bites you.
The seven-headed hydra completely misses you.
Unknown command.
Aiming: Mindburst
Press: ? - help, Shift-Dir - straight line, f - seven-headed hydra
Aim: a seven-headed hydra (lightly wounded, chance to affect: 61%)
The seven-headed hydra's minds are blasted!
The seven-headed hydra bites you!
The seven-headed hydra bites you but does no damage.
The seven-headed hydra barely misses you.
The seven-headed hydra completely misses you.
The seven-headed hydra misses you.
The seven-headed hydra barely misses you.
The seven-headed hydra bites you!
* * * LOW HITPOINT WARNING * * *
Casting: Poisonous Vapours (safe; 1% risk of failure)
Confirm with . or Enter, or press ? or * to list all spells.
Casting: Frozen Ramparts (safe; 1% risk of failure)
Press: ? - help, Dir - look around, f - activate A stone staircase leading up, spattered with blood.
Okay, then.
The seven-headed hydra attacks as you move away!
The seven-headed hydra bites you!
* * * LOW HITPOINT WARNING * * *
The seven-headed hydra bites you!
* * * LOW HITPOINT WARNING * * *
The seven-headed hydra misses you. The seven-headed hydra bites you.
* * * LOW HITPOINT WARNING * * *
The seven-headed hydra bites you.
* * * LOW HITPOINT WARNING * * *
The seven-headed hydra bites you.
You die...
Your body crumbles into a pile of gold.

## #####.#
####..#.##
#.#.P...>..#
#.P........##
#P.........P#
............$##
...........@..#
............D.#
.................
................#.#
...............#
............###
......#...#.
..PP###P.###


You could see a seven-headed hydra.

Vanquished Creatures
  A minotaur (Gauntlet)
  Fannar (Lair:2)
  A two-headed ogre (D:10)
  6 death yaks
  A fire crab (shapeshifter) (Gauntlet)
  A necromancer (Lair:3)
  A cyclops (D:10)
  4 elephants
  A manticore (D:9)
  A merfolk siren (Lair:2)
  7 black mambas
  A smoke demon (Gauntlet)
  A torpor snail (Lair:2)
  4 cane toads
  3 rime drakes
  An unseen horror (D:10)
  4 komodo dragons
  A red devil (Gauntlet)
  2 polar bears (Lair:3)
  5 blink frogs (Lair:2)
  3 dream sheep (Lair:2)
  2 centaur simulacra (Gauntlet)
  2 wyverns
  2 shadows
  2 basilisks
  31 yaks
  A steam dragon (D:9)
  A harpy simulacrum (Gauntlet)
  5 water moccasins
  An acid dragon (D:10)
  Duvessa (D:7)
  2 ice beasts
  A sky beast (D:7)
  8 orc warriors
  3 ogres
  14 wolves
  5 centaurs
  2 phantoms (D:4)
  2 elf zombies (Ossuary)
  A kobold brigand (D:9)
  Blork the orc (D:5)
  2 gnoll sergeants (D:9)
  2 scorpions
  7 bullfrogs
  8 wights
  2 water moccasin zombies (D:5)
  Dowan (D:7)
  4 killer bees (D:9)
  8 electric eels
  4 crimson imps (Gauntlet)
  3 bullfrog zombies (D:5)
  3 hounds
  2 centaur zombies
  2 bullfrog skeletons (D:5)
  2 gnoll shamans
  3 human zombies (Ossuary)
  5 orc priests
  An iguana (D:6)
  6 orc wizards
  3 polar bear simulacra (Lair:3)
  A scorpion zombie (D:5)
  A killer bee zombie (D:5)
  3 wolf simulacra (Lair:3)
  A yak simulacrum (Lair:3)
  A hound zombie (D:5)
  4 mummies
  A howler monkey zombie (D:5)
  21 gnolls
  8 adders
  A shadow imp (D:7)
  4 white imps
  An ufetubus (D:7)
  2 adder zombies (Ossuary)
  2 worms (D:2)
  12 dart slugs
  34 orcs
  8 endoplasms
  6 giant cockroaches
  3 goblins
  5 hobgoblins
  4 jackals
  4 ball pythons
  8 bats
  4 frilled lizards
  A goblin zombie (Ossuary)
  10 hobgoblin zombies
  12 kobolds
  10 kobold zombies
  12 orc zombies
  8 rats
  A rat zombie (Ossuary)
  4 river rat simulacra (Lair:3)
402 creatures vanquished.

Vanquished Creatures (collateral kills)
  Joseph (D:7)
  A kobold zombie (D:6)
2 creatures vanquished.

Vanquished Creatures (others)
  A wizard (D:10)
  An orc (D:6)
  13 fungi
  17 plants
  2 withered plants (D:5)
34 creatures vanquished.

Grand Total: 438 creatures vanquished

Notes
Turn   | Place    | Note
-------+----------+-------------------------------------------
     0 | D:5      | Reached skill level 9 in Stealth
     0 | D:5      | croobank the Gnoll Delver began the quest for the Orb.
     0 | D:5      | Reached XP level 1. HP: 23/23 MP: 1/1
    10 | D:5      | Noticed a phantom
    21 | D:5      | Found a sparkling altar of Nemelex Xobeh.
    55 | D:5      | Noticed a gnoll shaman
   112 | D:5      | Noticed a hound
   134 | D:5      | Noticed a phantom
   142 | D:5      | Noticed a water moccasin zombie
   142 | D:5      | Noticed an ogre
   142 | D:5      | Found the +2 ratskin cloak {*Rats rPois rN+ Str-1 Int-1
                  | Dex+1}
   143 | D:5      | Noticed an ogre
   211 | D:4      | Reached XP level 2. HP: 14/29 MP: 2/2
   470 | D:4      | Reached XP level 3. HP: 34/35 MP: 3/3
   526 | D:4      | Reached skill level 1 in Invocations
   636 | D:4      | Reached skill level 1 in Short Blades
   636 | D:4      | Reached skill level 1 in Long Blades
   636 | D:4      | Reached skill level 1 in Maces & Flails
   636 | D:4      | Reached skill level 1 in Polearms
   636 | D:4      | Reached skill level 1 in Staves
   636 | D:4      | Reached skill level 1 in Slings
   636 | D:4      | Reached skill level 1 in Bows
   636 | D:4      | Reached skill level 1 in Crossbows
   636 | D:4      | Reached skill level 1 in Throwing
   636 | D:4      | Reached skill level 1 in Armour
   636 | D:4      | Reached skill level 1 in Shields
   636 | D:4      | Reached skill level 1 in Unarmed Combat
   636 | D:4      | Reached skill level 1 in Spellcasting
   636 | D:4      | Reached skill level 1 in Evocations
   779 | D:3      | Noticed a scorpion
   954 | D:3      | Reached XP level 4. HP: 40/41 MP: 5/5
  1786 | D:1      | Reached skill level 1 in Conjurations
  1786 | D:1      | Reached skill level 1 in Hexes
  1786 | D:1      | Reached skill level 1 in Summonings
  1786 | D:1      | Reached skill level 1 in Necromancy
  1786 | D:1      | Reached skill level 1 in Translocations
  1786 | D:1      | Reached skill level 1 in Transmutations
  1786 | D:1      | Reached skill level 1 in Fire Magic
  1786 | D:1      | Reached skill level 1 in Ice Magic
  1786 | D:1      | Reached skill level 1 in Air Magic
  1786 | D:1      | Reached skill level 1 in Earth Magic
  1786 | D:1      | Reached skill level 1 in Poison Magic
  2243 | D:2      | Identified the +1 ring mail "Keomp" {Rampage Regen+ Dex-5}
  2272 | D:2      | Reached XP level 5. HP: 47/47 MP: 6/6
  2909 | D:3      | Reached XP level 6. HP: 34/53 MP: 8/8
  3046 | D:4      | Reached skill level 5 in Axes
  3046 | D:4      | Reached skill level 5 in Dodging
  3817 | D:4      | Reached XP level 7. HP: 31/59 MP: 10/10
  3913 | D:5      | Noticed Blork the orc
  4111 | D:4      | Reached skill level 10 in Stealth
  4213 | D:5      | Reached XP level 8. HP: 63/67 MP: 12/12
  4419 | D:5      | Killed Blork the orc
  4572 | D:5      | Identified a scroll of acquirement
  4572 | D:5      | Acquired the +6 broad axe of Guile {vorpal, *Noise rCorr
                  | Str+4}
  4968 | D:6      | Reached XP level 9. HP: 69/72 MP: 14/14
  5026 | D:6      | Learned a level 3 spell: Call Canine Familiar
  5558 | D:6      | Found a staircase to the Ecumenical Temple.
  5729 | D:7      | Found a stormy altar of Qazlal.
  5734 | D:7      | Noticed Dowan
  5737 | D:7      | Noticed Duvessa
  5751 | D:7      | Killed Duvessa
  5752 | D:7      | Killed Dowan
  5801 | D:7      | Identified the +0 pair of boots of Unreason {Str+6 Int-2
                  | Dex+4}
  5899 | Temple   | Entered the Ecumenical Temple
  5915 | Temple   | Became a worshipper of Gozag Ym Sagoz the Greedy
  6164 | D:7      | Noticed Joseph
  6194 | D:7      | Reached skill level 5 in Invocations
  6223 | D:7      | Acquired a +5 double sword of holy wrath
  6286 | D:7      | Killed Joseph
  6351 | D:7      | Found a blossoming altar of Fedhas.
  6578 | D:8      | Reached XP level 10. HP: 80/80 MP: 17/17
  6653 | D:8      | Found a sand-covered staircase.
  6658 | Ossuary  | Entered an ossuary
  6757 | Ossuary  | Reached skill level 5 in Short Blades
  6757 | Ossuary  | Reached skill level 5 in Long Blades
  6757 | Ossuary  | Reached skill level 5 in Maces & Flails
  6757 | Ossuary  | Reached skill level 5 in Polearms
  6757 | Ossuary  | Reached skill level 5 in Staves
  6757 | Ossuary  | Reached skill level 5 in Slings
  6757 | Ossuary  | Reached skill level 5 in Bows
  6757 | Ossuary  | Reached skill level 5 in Crossbows
  6757 | Ossuary  | Reached skill level 5 in Throwing
  6757 | Ossuary  | Reached skill level 5 in Armour
  6757 | Ossuary  | Reached skill level 5 in Shields
  6757 | Ossuary  | Reached skill level 5 in Unarmed Combat
  6757 | Ossuary  | Reached skill level 5 in Spellcasting
  6757 | Ossuary  | Reached skill level 5 in Evocations
  7423 | D:9      | Noticed a manticore
  7427 | D:9      | Killed a manticore
  7531 | D:9      | Found a staircase to the Lair.
  7543 | D:9      | Reached skill level 11 in Stealth
  8052 | D:10     | Entered Level 10 of the Dungeon
  8166 | D:9      | Found a staircase to the Orcish Mines.
  8487 | D:10     | Reached XP level 11. HP: 51/87 MP: 19/19
  8690 | D:10     | Noticed a two-headed ogre
  8696 | D:10     | Killed a two-headed ogre
  8697 | D:10     | Reached skill level 5 in Conjurations
  8697 | D:10     | Reached skill level 5 in Hexes
  8697 | D:10     | Reached skill level 5 in Summonings
  8697 | D:10     | Reached skill level 5 in Necromancy
  8697 | D:10     | Reached skill level 5 in Translocations
  8697 | D:10     | Reached skill level 5 in Transmutations
  8697 | D:10     | Reached skill level 5 in Fire Magic
  8697 | D:10     | Reached skill level 5 in Ice Magic
  8697 | D:10     | Reached skill level 5 in Air Magic
  8697 | D:10     | Reached skill level 5 in Earth Magic
  8697 | D:10     | Reached skill level 5 in Poison Magic
  8839 | D:10     | Found a shadowy altar of Dithmenos.
  8971 | D:10     | Noticed a cyclops
  8973 | D:10     | Killed a cyclops
  9151 | D:10     | Found a basalt altar of Yredelemnul.
  9212 | D:10     | Found a bloodstained altar of Trog.
  9214 | D:10     | Noticed a wizard
  9219 | D:10     | Killed a wizard
  9409 | D:11     | Noticed a white ugly thing
  9463 | D:11     | Noticed a cyclops
  9541 | Lair:1   | Entered Level 1 of the Lair of Beasts
  9545 | Lair:1   | Learned a level 2 spell: Poisonous Vapours
  9549 | Lair:1   | Learned a level 3 spell: Frozen Ramparts
  9553 | Lair:1   | Learned a level 3 spell: Summon Guardian Golem
  9558 | Lair:1   | Learned a level 4 spell: Hailstorm
  9630 | Lair:1   | Found a gate leading to a gauntlet.
  9697 | Gauntlet | Entered a Gauntlet
  9697 | Gauntlet | Found a transporter.
  9697 | Gauntlet | Found a transporter.
  9697 | Gauntlet | Found a transporter.
  9719 | Gauntlet | Found a transporter.
  9729 | Gauntlet | Found a transporter.
  9732 | Gauntlet | Found a transporter.
  9760 | Gauntlet | Found a transporter.
  9778 | Gauntlet | Found a runed translucent door.
  9779 | Gauntlet | Found a transporter.
  9780 | Gauntlet | Found a runed translucent door.
  9782 | Gauntlet | Found a transporter.
  9785 | Gauntlet | Found a transporter.
  9792 | Gauntlet | Noticed a steelbarb worm
  9792 | Gauntlet | a floating eye changed into a steelbarb worm
  9792 | Gauntlet | Noticed a salamander
  9793 | Gauntlet | Found a transporter.
  9795 | Gauntlet | Noticed a harpy
  9795 | Gauntlet | a salamander changed into a harpy
  9796 | Gauntlet | Found a transporter.
  9799 | Gauntlet | a harpy changed into a blink frog
  9800 | Gauntlet | Noticed an orb spider
  9875 | Gauntlet | Noticed a faun
  9940 | Gauntlet | Noticed a fire crab
  9940 | Gauntlet | Noticed a two-headed ogre
  9945 | Gauntlet | a two-headed ogre changed into an eye of devastation
  9952 | Gauntlet | Identified the ring "Kiown" {Fire Str-5 Dex+4 SInv}
  9966 | Gauntlet | Killed a fire crab
  9991 | Gauntlet | Identified the -2 cloak "Ryqyg" {Int+3 Dex+4}
 10047 | Gauntlet | Noticed a minotaur
 10056 | Gauntlet | Killed a minotaur
 10389 | Lair:1   | Reached XP level 12. HP: 57/96 MP: 22/22
 10486 | Lair:1   | Found a transporter.
 10492 | Lair:1   | Noticed a spriggan berserker
 10499 | Lair:1   | Found a transporter.
 10511 | Lair:1   | Found a bloodstained altar of Trog.
 10517 | Lair:1   | Noticed gebbletook2's ghost (novice VSFi)
 11265 | Lair:2   | Reached skill level 12 in Stealth
 11327 | Lair:2   | Reached skill level 10 in Fighting
 11362 | Lair:2   | Noticed Fannar
 11418 | Lair:2   | Killed Fannar
 11479 | Lair:2   | Found a staircase to the Shoals.
 12721 | Lair:3   | Noticed a death yak
 12721 | Lair:3   | Noticed a death yak
 12721 | Lair:3   | Noticed a death yak
 12722 | Lair:3   | Noticed a death yak
 12723 | Lair:3   | Noticed a death yak
 12724 | Lair:3   | Noticed a death yak
 12772 | Lair:2   | Killed a death yak
 12773 | Lair:2   | Reached XP level 13. HP: 87/103 MP: 18/24
 12886 | Lair:2   | Learned a level 3 spell: Teleport Other
 14101 | Lair:5   | HP: 3/104 [seven-headed hydra (4)]
 14101 | Lair:5   | Slain by a seven-headed hydra

Illustrated notes

Levels and vault maps discovered:
D:1:      lemuel_arrival_muddy, layout_basic, minmay_pentomino_w4
D:2:      layout_rooms
D:3:      layout_loops_ring
D:4:      layout_basic
D:5:      layout_cave_pools, lemuel_tele_altar, serial_undead, serial_undead_b,
          serial_undead_c, serial_undead_b, serial_undead_e, serial_undead_b,
          serial_undead_e, serial_undead_a, kennysheep_generic_room_10,
          uniq_blork_the_orc
D:6:      kennysheep_slugbush, layout_rooms, minmay_temple_entry_from_below_a,
          minmay_mini_ossuary
D:7:      layout_basic, nicolae_overflow_crystal_walls, fedhas_altar_fruit_tree,
          uniq_joseph, uniq_duvessa
D:8:      layout_gridville, nicolae_ossuary_entry_giza, amethyst_killhole,
          minivault_24, chequers_serial_rivers_micro_e
D:9:      layout_roguey, lair_entry_dummy, david_orc_4, minivault_14,
          lemuel_another_geyser
D:10:     layout_loops_corners, old_standard_altar, grunt_dithmenos_shadows,
          trog_wizard, hex_large, lightli_minifort
D:11:     minmay_gate_of_8, layout_basic
Temple:   compressed_dpeg_circular_temple
Lair:1:   layout_misc_corridors, gauntlet_entry_generic,
          gammafunk_ghost_wrathful_warriors
Lair:2:   layout_misc_corridors, minmay_shoals_entry_lonely_mermaid,
          minmay_shattered_shrine, uniq_fannar
Lair:3:   layout_cave_pods, eino_house_with_fridge
Lair:4:   layout_roguey, spider_nest_entry_webs, special_room
          [special_room_mythical_zoo]
Lair:5:   layout_cave_pods, grunt_megastairs_3

Skill      XL: |  1  2  3  4  5  6  7  8  9 10 11 12 13 |
---------------+----------------------------------------+-----
Stealth        | 10 11 12 | 12.5
Invocations    | 1 2 3 4 5 6 7 8 9 |  9.1
Short Blades   | 1 2 3 4 5 6 7 8 |  8.3
Long Blades    | 1 2 3 4 5 6 7 8 |  8.3
Maces & Flails | 1 2 3 4 5 6 7 8 |  8.3
Polearms       | 1 2 3 4 5 6 7 8 |  8.3
Staves         | 1 2 3 4 5 6 7 8 |  8.3
Slings         | 1 2 3 4 5 6 7 8 |  8.3
Bows           | 1 2 3 4 5 6 7 8 |  8.3
Crossbows      | 1 2 3 4 5 6 7 8 |  8.3
Throwing       | 1 2 3 4 5 6 7 8 |  8.3
Armour         | 1 2 3 4 5 6 7 8 |  8.3
Shields        | 1 2 3 4 5 6 7 8 |  8.3
Unarmed Combat | 1 2 3 4 5 6 7 8 |  8.3
Spellcasting   | 1 2 3 4 5 6 7 8 |  8.3
Evocations     | 1 2 3 4 5 6 7 8 |  8.3
Conjurations   | 1 2 3 4 5 6 |  6.9
Hexes          | 1 2 3 4 5 6 |  6.9
Summonings     | 1 2 3 4 5 6 |  6.9
Necromancy     | 1 2 3 4 5 6 |  6.9
Translocations | 1 2 3 4 5 6 |  6.9
Transmutations | 1 2 3 4 5 6 |  6.9
Fire Magic     | 1 2 3 4 5 6 |  6.9
Ice Magic      | 1 2 3 4 5 6 |  6.9
Air Magic      | 1 2 3 4 5 6 |  6.9
Earth Magic    | 1 2 3 4 5 6 |  6.9
Poison Magic   | 1 2 3 4 5 6 |  6.9
Axes           | 5 6 7 8 9 |  9.6
Dodging        | 5 6 7 8 9 |  9.6
Fighting       | 7 8 9 10 | 10.6

Action                   |  1- 3 |  4- 6 |  7- 9 | 10-12 | 13-15 || total
-------------------------+-------+-------+-------+-------+-------++-------
Melee: Hand axe          |    67 |       |       |       |       ||    67
       Bite              |     6 |    17 |    50 |    53 |    49 ||   175
       Punch             |     1 |     1 |     5 |    26 |    30 ||    63
       Long sword        |     3 |     5 |       |       |       ||     8
       Dagger            |     1 |    53 |     8 |     7 |       ||    69
       Spear             |       |   142 |   228 |    57 |   229 ||   656
       Broad axe         |       |       |   160 |   414 |    49 ||   623
       Double sword      |       |       |       |    14 |       ||    14
Throw: Javelin           |       |       |       |     1 |       ||     1
       Throwing net      |       |       |       |     1 |       ||     1
 Cast: Call Canine Famil |       |       |     2 |     3 |     1 ||     6
       Poisonous Vapours |       |       |       |     6 |    10 ||    16
Invok: Potion Petition   |       |       |       |     2 |       ||     2
Evoke: Wand              |       |       |     7 |    12 |     2 ||    21
  Use: Scroll            |     2 |     6 |     8 |    11 |       ||    27
       Potion            |       |       |     1 |    12 |     1 ||    14
 Stab: Sleeping          |     7 |    24 |     6 |    18 |     1 ||    56
       Distracted        |       |       |     1 |    11 |     1 ||    13
       Invisible         |       |       |       |     2 |       ||     2
       Paralysed         |       |       |       |     2 |       ||     2
Armor: Leather armour    |    14 |       |       |       |       ||    14
       Ring mail         |     1 |    91 |   244 |   160 |   107 ||   603
Dodge: Dodged            |    46 |   112 |   333 |   405 |   210 ||  1106
Block: Other             |       |       |     1 |    55 |       ||    56
       Reflection        |       |       |     1 |     3 |       ||     4

Table legend: (Time is in decaauts)
 A = Elapsed time spent in this place.
 B = Non-inter-level travel time spent in this place.
 C = Inter-level travel time spent in this place.
 D = Time resting spent in this place.
 E = Time spent auto-exploring this place.
 F = Levels seen in this place.
 G = Mean time per level.
                   A        B        C        D        E       F      G
               +--------+--------+--------+--------+--------+-----+--------+
         Total |  14148 |  13286 |    862 |   1155 |   7073 |  19 |  744.6 |
       Dungeon |   9505 |   8831 |    674 |    895 |   4795 |  11 |  864.1 |
        Temple |     80 |     71 |      9 |      0 |     51 |   1 |   80.0 |
          Lair |   3791 |   3612 |    179 |    216 |   2032 |   5 |  758.2 |
       Ossuary |    268 |    268 |      0 |      0 |    143 |   1 |  268.0 |
      Gauntlet |    503 |    503 |      0 |     44 |     51 |   1 |  503.0 |
               +--------+--------+--------+--------+--------+-----+--------+

Top non-repeatable levels by time:
     D:4: 1681 daAuts
  Lair:2: 1338 daAuts
  Lair:3: 1260 daAuts
     D:9: 1137 daAuts
     D:1: 1061 daAuts
     D:5: 1052 daAuts
    D:10: 1029 daAuts
     D:6: 913 daAuts
  Lair:1: 812 daAuts
     D:7: 744 daAuts
     D:3: 729 daAuts
     D:8: 663 daAuts
Gauntlet: 503 daAuts
     D:2: 416 daAuts
  Lair:4: 346 daAuts
